SA
CONNETQUOT CHIEFS @ SYRACUSE STORM
07/19/2034
 
TOP OF THE 1ST
Connetquot Chiefs batting - Pitching for Syracuse Storm : RHP Jesús Cruz
Pitching: RHP Jesús Cruz
Batting: RHB Takeshi Kovacs 0-0: Foul Ball, location: 2F
0-1: Ball
1-1: Ball
2-1: Called Strike
2-2: Ball
3-2: Strikes out swinging
Batting: RHB Jesús Morán 0-0: Fly out, F9 (Line Drive, 9D)
Batting: RHB Desi Fleming 0-0: Called Strike
0-1: Swinging Strike
0-2: Fly out, F4 (Popup, 4M)
Top of the 1st over - 0 runs, 0 hits, 0 errors, 0 left on base; Connetquot 0 - Syracuse 0
BOTTOM OF THE 1ST
Syracuse Storm batting - Pitching for Connetquot Chiefs : RHP David Perkins
Pitching: RHP David Perkins
Batting: LHB Wilson Hernández 0-0: Called Strike
0-1: Ball
1-1: Ball
2-1: Ball
3-1: Base on Balls
Batting: RHB Juan Perales 0-0: Fly out, F8 (Flyball, 78D)
Batting: LHB Tom Burton 0-0: Ball
1-0: Ball
Wilson Hernández steals 2nd base
2-0: Ball
3-0: Base on Balls
Batting: RHB Sadakuno Hashimoto 0-0: Called Strike
0-1: Foul Ball, location: 2F
0-2: Hit by Pitch
Wilson Hernández to third
Tom Burton to second
Batting: LHB Seung-min Sin 0-0: Foul Ball, location: 2F
0-1: Called Strike
0-2: Fielders Choice at 2nd, 4-6 (Groundball, 4)
Wilson Hernández scores
Tom Burton to third
Now at SS: Carlos Guzmán
Batting: LHB Dave Milligan 0-0: Ball
1-0: Ball
2-0: Called Strike
2-1: Fly out, F6 (Flyball, 56D)
Bottom of the 1st over - 1 run, 0 hits, 0 errors, 2 left on base; Connetquot 0 - Syracuse 1
TOP OF THE 2ND
Connetquot Chiefs batting - Pitching for Syracuse Storm : RHP Jesús Cruz
Batting: LHB Luis Aguilar 0-0: Foul Ball, location: 2F
0-1: Ball
1-1: Fly out, F7 (Flyball, 7)
Batting: RHB Shigeaki Samurakami 0-0: Foul Ball, location: 2F
0-1: Ball
1-1: Foul Ball, location: 2F
1-2: Foul Ball, location: 2F
1-2: SINGLE (Line Drive, 4M)
Batting: LHB Don Mosley 0-0: Called Strike
0-1: Ball
1-1: Called Strike
1-2: Strikes out looking
Shigeaki Samurakami steals 2nd base
Batter strikes out.
Batting: SHB Chris Pińa 0-0: Ball
1-0: Ball
2-0: Foul Ball, location: 2F
2-1: Ball
3-1: Foul Ball, location: 2F
3-2: Base on Balls
Batting: LHB Doug Cole 0-0: Ball
1-0: Ball
2-0: SINGLE (Groundball, 4MD)
Shigeaki Samurakami to third
Chris Pińa to second
Runner from 3rd tries for Home, SAFE, no throw
Batting: RHB Javier Reyes 0-0: Ball
1-0: Fly out, F8 (Flyball, 8RS)
Top of the 2nd over - 1 run, 2 hits, 0 errors, 2 left on base; Connetquot 1 - Syracuse 1
BOTTOM OF THE 2ND
Syracuse Storm batting - Pitching for Connetquot Chiefs : RHP David Perkins
Batting: RHB Adrián Medina 0-0: Foul Ball, location: 2F
0-1: Swinging Strike
0-2: Ball
1-2: Ball
2-2: Foul Ball, location: 2F
2-2: Ground out U3 (Groundball, 34)
Batting: RHB Miguel Román 0-0: Ball
1-0: SINGLE (Line Drive, 7S)
Batting: RHB Nelson Morán 0-0: Ball
1-0: Called Strike
1-1: Ground out 5-3 (Groundball, 5S)
Miguel Román to second
Batting: LHB Wilson Hernández 0-0: Called Strike
0-1: Ball
1-1: SINGLE (Groundball, 3D)
Miguel Román to third
Runner from 3rd tries for Home, SAFE, throw made home
Batting: RHB Juan Perales 0-0: Ball
1-0: Ball
2-0: Called Strike
2-1: Ball
Wilson Hernández steals 2nd base
3-1: Swinging Strike
3-2: Strikes out swinging
Bottom of the 2nd over - 1 run, 2 hits, 0 errors, 1 left on base; Connetquot 1 - Syracuse 2
TOP OF THE 3RD
Connetquot Chiefs batting - Pitching for Syracuse Storm : RHP Jesús Cruz
Batting: RHB Takeshi Kovacs 0-0: Ball
1-0: Bunted foul
1-1: Ball
2-1: Ground out 4-3 (Groundball, 4)
Batting: RHB Jesús Morán 0-0: SOLO HOME RUN (Flyball, 7LD), Distance : 356 ft
Batting: LHB Carlos Guzmán 0-0: Foul Ball, location: 2F
0-1: Swinging Strike
0-2: Fly out, F5 (Popup, 5D)
Batting: LHB Luis Aguilar 0-0: Ball
1-0: Ball
2-0: Ground out 4-3 (Groundball, 4S)
Top of the 3rd over - 1 run, 1 hit, 0 errors, 0 left on base; Connetquot 2 - Syracuse 2
BOTTOM OF THE 3RD
Syracuse Storm batting - Pitching for Connetquot Chiefs : RHP David Perkins
Batting: LHB Tom Burton 0-0: Ball
1-0: Ball
2-0: Ball
3-0: Called Strike
3-1: Called Strike
3-2: Base on Balls
Batting: RHB Sadakuno Hashimoto 0-0: Called Strike
0-1: Foul Ball, location: 2F
0-2: Foul Ball, location: 2F
0-2: Ball
1-2: Ball
2-2: Ball
3-2: Foul Ball, location: 2F
3-2: Foul Ball, location: 2F
3-2: SINGLE (Flyball, 78M)
Tom Burton to second
Batting: LHB Seung-min Sin 0-0: Ball
1-0: Ball
2-0: Called Strike
2-1: Ball
3-1: Foul Ball, location: 2F
3-2: Foul Ball, location: 2F
3-2: Base on Balls
Tom Burton to third
Sadakuno Hashimoto to second
Batting: LHB Dave Milligan 0-0: SINGLE (Groundball, 4D)
Tom Burton scores
Sadakuno Hashimoto to third
Seung-min Sin to second
Runner from 3rd tries for Home, SAFE, no throw
Batting: RHB Adrián Medina 0-0: Ball
1-0: SINGLE (Groundball, 4MS) (infield hit)
Seung-min Sin to third
Dave Milligan to second
Batting: RHB Miguel Román 0-0: DOUBLE (Line Drive, 78D)
Seung-min Sin scores
Dave Milligan scores
Adrián Medina to third
Batting: RHB Nelson Morán 0-0: Ball
1-0: Ball
2-0: Called Strike
2-1: Ground out 6-3 (Groundball, 6)
Adrián Medina scores
Pitching: RHP Walt Smith
Batting: LHB Wilson Hernández 0-0: Called Strike
Miguel Román is caught stealing 3rd base
0-1: Ball
1-1: Called Strike
1-2: Ball
2-2: Strikes out swinging
Bottom of the 3rd over - 5 runs, 4 hits, 0 errors, 0 left on base; Connetquot 2 - Syracuse 7
TOP OF THE 4TH
Connetquot Chiefs batting - Pitching for Syracuse Storm : RHP Jesús Cruz
Batting: RHB Shigeaki Samurakami 0-0: Fly out, F4 (Line Drive, 4)
Batting: LHB Don Mosley 0-0: Ball
1-0: Ball
2-0: Foul Ball, location: 2F
2-1: Called Strike
2-2: Foul Ball, location: 2F
2-2: Foul Ball, location: 2F
2-2: Foul Ball, location: 2F
2-2: Ball
3-2: Ground out 4-3 (Groundball, 4)
Batting: SHB Chris Pińa 0-0: Ball
1-0: Ball
2-0: Ball
3-0: Base on Balls
Batting: LHB Doug Cole 0-0: Called Strike
0-1: Foul Ball, location: 2F
0-2: Ball
1-2: Ground out 4-3 (Groundball, 4MS)
Top of the 4th over - 0 runs, 0 hits, 0 errors, 1 left on base; Connetquot 2 - Syracuse 7
BOTTOM OF THE 4TH
Syracuse Storm batting - Pitching for Connetquot Chiefs : RHP Walt Smith
Batting: RHB Juan Perales 0-0: Called Strike
0-1: Ball
1-1: Foul Ball, location: 2F
1-2: Foul Ball, location: 2F
1-2: Foul Ball, location: 2F
1-2: Ball
2-2: Ball
3-2: Foul Ball, location: 2F
3-2: SINGLE (Groundball, 4S) (infield hit)
Batting: LHB Tom Burton 0-0: Ball
1-0: Foul Ball, location: 2F
1-1: Foul Ball, location: 2F
1-2: Foul Ball, location: 2F
1-2: Ball
2-2: DOUBLE (Flyball, 8LXD)
Juan Perales to third
Batting: RHB Sadakuno Hashimoto 0-0: Called Strike
0-1: Swinging Strike
0-2: Ball
1-2: Ball
2-2: Fly out, F4 (Line Drive, 4)
Batting: LHB Seung-min Sin 0-0: Ball
1-0: Swinging Strike
1-1: Foul Ball, location: 2F
1-2: Ball
2-2: Ball
3-2: DOUBLE (Groundball, 3L)
Juan Perales scores
Tom Burton scores
Batting: LHB Dave Milligan 0-0: Swinging Strike
0-1: Foul Ball, location: 2F
0-2: Ball
1-2: Strikes out swinging
Batting: RHB Adrián Medina 0-0: Ball
1-0: Swinging Strike
1-1: Called Strike
1-2: Fly out, F8 (Flyball, 8LM)
Bottom of the 4th over - 2 runs, 3 hits, 0 errors, 1 left on base; Connetquot 2 - Syracuse 9
TOP OF THE 5TH
Connetquot Chiefs batting - Pitching for Syracuse Storm : RHP Jesús Cruz
Batting: RHB Javier Reyes 0-0: Ball
1-0: Foul Ball, location: 2F
1-1: Ball
2-1: Foul Ball, location: 2F
2-2: Ball
3-2: Strikes out looking
Batting: RHB Takeshi Kovacs 0-0: Ball
1-0: Ball
2-0: Foul Ball, location: 2F
2-1: Ball
3-1: Foul Ball, location: 2F
3-2: Strikes out swinging
Batting: RHB Jesús Morán 0-0: Called Strike
0-1: Swinging Strike
0-2: Ground out 3-1 (Groundball, 34)
Top of the 5th over - 0 runs, 0 hits, 0 errors, 0 left on base; Connetquot 2 - Syracuse 9
BOTTOM OF THE 5TH
Syracuse Storm batting - Pitching for Connetquot Chiefs : RHP Walt Smith
Batting: RHB Miguel Román 0-0: Foul Ball, location: 2F
0-1: Ball
1-1: Ball
2-1: Ground out 6-3 (Groundball, 6)
Batting: RHB Nelson Morán 0-0: Ball
1-0: Ground out 5-3 (Groundball, 56)
Batting: LHB Wilson Hernández 0-0: Ground out 4-3 (Groundball, 34D)
Bottom of the 5th over - 0 runs, 0 hits, 0 errors, 0 left on base; Connetquot 2 - Syracuse 9
TOP OF THE 6TH
Connetquot Chiefs batting - Pitching for Syracuse Storm : RHP Jesús Cruz
Batting: LHB Carlos Guzmán 0-0: Fly out, F7 (Flyball, 7S)
Batting: LHB Luis Aguilar 0-0: Ball
1-0: Foul Ball, location: 2F
1-1: Called Strike
1-2: Strikes out swinging
Batting: RHB Shigeaki Samurakami 0-0: Ball
1-0: Swinging Strike
1-1: Fly out, F6 (Line Drive, 6)
Top of the 6th over - 0 runs, 0 hits, 0 errors, 0 left on base; Connetquot 2 - Syracuse 9
BOTTOM OF THE 6TH
Syracuse Storm batting - Pitching for Connetquot Chiefs : RHP Walt Smith
Batting: RHB Juan Perales 0-0: Ground out 6-3 (Groundball, 6S)
Batting: LHB Tom Burton 0-0: Foul Ball, location: 2F
0-1: Ball
1-1: Foul Ball, location: 2F
1-2: Ball
2-2: Foul Ball, location: 2F
2-2: Ground out 6-3 (Groundball, 6M)
Batting: RHB Sadakuno Hashimoto 0-0: Ball
1-0: Foul Ball, location: 2F
1-1: Fly out, F3 (Popup, 3S)
Bottom of the 6th over - 0 runs, 0 hits, 0 errors, 0 left on base; Connetquot 2 - Syracuse 9
TOP OF THE 7TH
Connetquot Chiefs batting - Pitching for Syracuse Storm : RHP Jesús Cruz
Batting: LHB Don Mosley 0-0: Ball
1-0: Foul Ball, location: 2F
1-1: Foul Ball, location: 2F
1-2: Strikes out swinging
Batting: SHB Chris Pińa 0-0: Foul Ball, location: 2F
0-1: Ball
1-1: Ball
2-1: Ball
3-1: Called Strike
3-2: Strikes out swinging
Batting: LHB Doug Cole 0-0: Ball
1-0: Called Strike
1-1: Foul Ball, location: 2F
1-2: Strikes out swinging
Top of the 7th over - 0 runs, 0 hits, 0 errors, 0 left on base; Connetquot 2 - Syracuse 9
BOTTOM OF THE 7TH
Syracuse Storm batting - Pitching for Connetquot Chiefs : RHP Walt Smith
Batting: LHB Seung-min Sin 0-0: Ball
1-0: Ground out U3 (Groundball, 3)
Batting: LHB Dave Milligan 0-0: Ball
1-0: SINGLE (Line Drive, 7LS)
Pitching: RHP Juan Sánchez
Batting: RHB Adrián Medina 0-0: Called Strike
0-1: Grounds out, U3 (Groundball, 3L)
Batting: RHB Miguel Román 0-0: Foul Ball, location: 2F
0-1: Foul Ball, location: 2F
0-2: Foul Ball, location: 2F
0-2: Ball
1-2: Ball
2-2: Ball
3-2: Base on Balls
Batting: RHB Nelson Morán 0-0: Swinging Strike
0-1: Foul Ball, location: 2F
0-2: SINGLE (Groundball, 6MD)
Dave Milligan to third
Miguel Román to second
Runner from 3rd tries for Home, SAFE, no throw
Batting: LHB Wilson Hernández 0-0: Fielders Choice at 2nd, 5-4 (Groundball, 5L)
Bottom of the 7th over - 1 run, 2 hits, 0 errors, 2 left on base; Connetquot 2 - Syracuse 10
TOP OF THE 8TH
Connetquot Chiefs batting - Pitching for Syracuse Storm : RHP Jesús Cruz
Now at 3B: Franck Kooijmans
Batting: RHB Javier Reyes 0-0: Ball
1-0: Ground out 6-3 (Groundball, 6)
Batting: RHB Takeshi Kovacs 0-0: Swinging Strike
0-1: Ball
1-1: Ball
2-1: Foul Ball, location: 2F
2-2: Strikes out looking
Batting: RHB Jesús Morán 0-0: Ground out 5-3 (Groundball, 56S)
Top of the 8th over - 0 runs, 0 hits, 0 errors, 0 left on base; Connetquot 2 - Syracuse 10
BOTTOM OF THE 8TH
Syracuse Storm batting - Pitching for Connetquot Chiefs : RHP Juan Sánchez
Batting: RHB Juan Perales 0-0: Ball
1-0: Foul Ball, location: 2F
1-1: Ball
2-1: SINGLE (Line Drive, 7S)
Batting: LHB Tom Burton 0-0: Called Strike
0-1: Ball
1-1: Ball
2-1: Fly out, F7 (Flyball, 78M)
Batting: RHB Sadakuno Hashimoto 0-0: Ball
1-0: Ball
2-0: Ball
3-0: Base on Balls
Juan Perales to second
Batting: LHB Seung-min Sin 0-0: SINGLE (Line Drive, 6D)
Juan Perales to third
Sadakuno Hashimoto to second
Batting: LHB Dave Milligan 0-0: Ball
1-0: SINGLE (Groundball, 56D)
Juan Perales scores
Sadakuno Hashimoto to third
Seung-min Sin to second
Runner from 3rd tries for Home, SAFE, throw made home
Batting: RHB Adrián Medina 0-0: Foul Ball, location: 2F
0-1: Ball
1-1: Ball
2-1: DOUBLE (Line Drive, 7LD)
Seung-min Sin scores
Dave Milligan to third
Pinch Hitting: RHB José García 0-0: SINGLE (Groundball, 56D)
Dave Milligan scores
Adrián Medina to third
Runner from 3rd tries for Home, SAFE, no throw
Batting: RHB Nelson Morán 0-0: Called Strike
0-1: Ball
1-1: Swinging Strike
1-2: Strikes out swinging
Batting: SHB Franck Kooijmans 0-0: Ball
1-0: Ball
2-0: Called Strike
2-1: Foul Ball, location: 2F
2-2: Foul Ball, location: 2F
2-2: Ground out U3 (Groundball, 3)
Bottom of the 8th over - 5 runs, 5 hits, 0 errors, 1 left on base; Connetquot 2 - Syracuse 15
TOP OF THE 9TH
Connetquot Chiefs batting - Pitching for Syracuse Storm : RHP Jesús Cruz
Now at 1B: Francis Osborne
Now in LF: José García
Batting: LHB Carlos Guzmán 0-0: Fly out, F8 (Flyball, 89S)
Batting: LHB Luis Aguilar 0-0: Swinging Strike
0-1: Swinging Strike
0-2: Strikes out swinging
Batting: RHB Shigeaki Samurakami 0-0: Ball
1-0: Ball
2-0: Foul Ball, location: 2F
2-1: Fly out, F6 (Flyball, 6D)
Top of the 9th over - 0 runs, 0 hits, 0 errors, 0 left on base; Connetquot 2 - Syracuse 15
Friday, March 29th, 2019 - OOTP Baseball 18.8 Build 76